 Dungeon Crawl Stone Soup version 0.21.1-1-g345015f (webtiles) character file.

63 inc the Scratcher (level 3, 15/15 HPs)
             Began as a Felid Transmuter on Mar 5, 2018.
             Quit the game on level 3 of the Dungeon.
             The game lasted 00:03:27 (3282 turns).

inc the Scratcher (Felid Transmuter)                Turns: 3282, Time: 00:03:28

Health: 15/15      AC:  1    Str:  6    XL:     3   Next: 89%
Magic:  7/7        EV: 18    Int: 15    God:
Gold:   106        SH:  0    Dex: 16    Spells: 5/6 levels left
                                        Lives:  0   Deaths: 1

rFire    . . .     SeeInvis +     - Unarmed
rCold    . . .     Gourm    .   (shield unavailable)
rNeg     . . .     Faith    .   (armour unavailable)
rPois    .         Spirit   .   (helmet unavailable)
rElec    .         Reflect  .   (cloak unavailable)
rCorr    .         Harm     .   (gloves unavailable)
MR       .....                  (boots unavailable)
Stlth    ++........             (no amulet)
HPRegen  0.05/turn              (no ring)
MPRegen  0.10/turn              (no ring)

@: quick
A: very small, no armour, no weapons or thrown items, stealth, claws 1, fangs 3,
see invisible, carnivore, speed 1, shaggy fur 1, slow metabolism 1, sharp paws
a: no special abilities


You were on level 3 of the Dungeon.
You were not hungry.

You visited 1 branch of the dungeon, and saw 3 of its levels.

You collected 106 gold pieces.

Inventory:

Missiles
 a - 12 arrows
Scrolls
 d - 2 scrolls of fog {unknown}
 g - a scroll of amnesia {unknown}
 h - 2 scrolls of enchant armour {unknown}
 i - 3 scrolls of identify {unknown}
 j - 4 scrolls of fear {unknown}
 l - 2 scrolls of teleportation {unknown}
Potions
 f - 3 potions of curing {unknown}
Books
 b - a book of Changes

   Spells                             Type                      Level
   a - Beastly Appendage              Transmutation                1
   b - Sticks to Snakes               Transmutation                2
   c - Spider Form                    Transmutation/Poison         3
   d - Ice Form                       Ice/Transmutation            4
   e - Blade Hands                    Transmutation                5
Comestibles
 c - 7 rations


   Skills:
 - Level 1.0 Fighting
 - Level 2.6 Dodging
 + Level 5.7 Unarmed Combat
 - Level 2.0 Spellcasting
 - Level 2.1 Transmutations


You had 5 spell levels left.
You knew the following spells:

 Your Spells              Type           Power        Failure   Level  Hunger
a - Beastly Appendage     Tmut           #.....       9%          1    #......


Dungeon Overview and Level Annotations

Branches:
Dungeon (3/15)

Altars:
Hepliaklqana
Qazlal


Innate Abilities, Weirdness & Mutations

You cannot wear armour.
You are incapable of wielding weapons or throwing items.
Your paws allow you to move quietly. (Stealth)
You have sharp claws.
You have razor-sharp teeth.
You have supernaturally acute eyesight. (SInv)
You are carnivorous and can eat meat at any time.
You cover ground quickly.
You are covered in fur. (AC +1)
You have a slow metabolism.
Your sharp claws are effective at attacking unaware monsters.


Message History

The adder misses you.
The kobold throws a stone.
The stone misses you.
You barely miss the adder.
The adder is almost dead.
The adder bites you.
* * * LOW HITPOINT WARNING * * *
The adder completely misses you.
You scratch the adder.
The adder is almost dead.
* * * LOW HITPOINT WARNING * * *
You feel sick. The adder completely misses you.
You closely miss the adder.
The adder is almost dead.
The adder closely misses you.
It was a potion of might.
You feel very mighty all of a sudden. The adder barely misses you.
The kobold hits you.
You die...
You are now level 3!
You rejoin the land of the living...
Are you sure you want to abandon this character and quit the game? (Confirm with "yes".)

#### ### ###
#..###.#######.#
#......#..[..@.#
#........#####.###
####..##..#.#
#.....#
............#
#.#.#.#
######..###.#
#.#.#.# #
##8..8##.# #.#.#.#
####......###
#.#.#.#
...###.)###
#.#...#
#####...._#
#.#####


There were no monsters in sight!

Vanquished Creatures
  5 adders
  2 oozes (D:1)
  3 worms
  3 dart slugs
  An orc (D:3)
  5 bats
  A giant cockroach (D:3)
  5 goblins
  3 hobgoblins
  4 jackals (D:3)
  6 kobolds
  A quokka (D:3)
  A ball python (D:3)
  15 frilled lizards
  14 rats
69 creatures vanquished.

Notes
Turn   | Place    | Note
-------+----------+-------------------------------------------
     0 | D:1      | inc the Felid Transmuter began the quest for the Orb.
     0 | D:1      | Reached XP level 1. HP: 9/9 MP: 4/4
    63 | D:1      | Reached XP level 2. HP: 7/12 MP: 6/6
   404 | D:1      | Reached skill level 4 in Unarmed Combat
   769 | D:1      | Reached XP level 3. HP: 14/15 MP: 7/7
  1836 | D:2      | Reached XP level 4. HP: 19/19 MP: 8/8
  1943 | D:2      | Reached skill level 5 in Unarmed Combat
  2689 | D:3      | Found a hazy altar of Hepliaklqana.
  2692 | D:3      | Found a stormy altar of Qazlal.
  3281 | D:3      | Slain by a kobold
  3282 | D:3      | Reached XP level 3. HP: -1/15 MP: 7/7
  3282 | D:3      | Quit the game

Skill      XL: |  1  2  3  4 |
---------------+-------------+-----
Unarmed Combat | 4 5 |  5.7
Fighting       | |  1.0
Dodging        | |  2.6
Spellcasting   | |  2.0
Transmutations | |  2.1

Action                   |  1- 3 |  4- 6 || total
-------------------------+-------+-------++-------
Melee: Unarmed           |   117 |    88 ||   205
       Headbutt          |     7 |     3 ||    10
       Bite              |     8 |     7 ||    15
       Punch             |     2 |     2 ||     4
 Cast: Beastly Appendage |     6 |     4 ||    10
  Use: Potion            |       |     1 ||     1
 Stab: Sleeping          |     8 |     1 ||     9
  Eat: Chunk             |     8 |     3 ||    11
Armor: Skin              |     1 |     3 ||     4
Dodge: Dodged            |    74 |    71 ||   145
